[ PARTIDA AOE2 · #475491346 ]
UnrankedDrávidas vs Saracens
Equipo del jugador · DERR
[ ANÁLISIS DE REPETICIÓN · EXTRAÍDO DE LA PARTIDA GRABADA ]
Feudal
15:32
Castillos
19:45
Imperial
—
| APM promedio | 28.1 |
| APM pico | 51 |
| eAPM promedio | 13.8 |
| Aldeanos / militares | 42 / 7 |
Foco
⚔️ 28.4% · 🌾 71.6%
Fishing Ship ×8 · Galley ×6 · Monk ×1
Feudal
—
Castillos
—
Imperial
—
| APM promedio | 28.8 |
| APM pico | 57 |
| eAPM promedio | 15.8 |
| Aldeanos / militares | 45 / 20 |
Foco
⚔️ 32.1% · 🌾 67.9%
Archer ×16 · Fishing Ship ×6 · Galley ×3 · Monk ×1
Feudal
15:49
Castillos
19:19
Imperial
—
| APM promedio | 22.4 |
| APM pico | 42 |
| eAPM promedio | 14.3 |
| Aldeanos / militares | 44 / 53 |
Foco
⚔️ 32.5% · 🌾 67.5%
Militia ×48 · Fishing Ship ×25 · Fire Galley ×5
Feudal
12:23
Castillos
—
Imperial
—
| APM promedio | 37.2 |
| APM pico | 80 |
| eAPM promedio | 17.1 |
| Aldeanos / militares | 39 / 12 |
Foco
⚔️ 36.2% · 🌾 63.8%
Fishing Ship ×16 · Serjeant ×12
Feudal
13:12
Castillos
—
Imperial
—
| APM promedio | 42.8 |
| APM pico | 72 |
| eAPM promedio | 17.1 |
| Aldeanos / militares | 56 / 53 |
Foco
⚔️ 33.7% · 🌾 66.3%
Archer ×53 · Fishing Ship ×5
Feudal
16:07
Castillos
—
Imperial
—
| APM promedio | 33.9 |
| APM pico | 64 |
| eAPM promedio | 20.1 |
| Aldeanos / militares | 47 / 0 |
Foco
⚔️ 34.0% · 🌾 66.0%
Fishing Ship ×6 · Unknown (2626) ×1
Feudal
14:01
Castillos
18:54
Imperial
—
| APM promedio | 39.9 |
| APM pico | 67 |
| eAPM promedio | 20.0 |
| Aldeanos / militares | 60 / 22 |
Foco
⚔️ 34.2% · 🌾 65.8%
Cavalry Archer ×15 · Archer ×7
Feudal
12:19
Castillos
17:45
Imperial
—
| APM promedio | 36.3 |
| APM pico | 85 |
| eAPM promedio | 12.6 |
| Aldeanos / militares | 43 / 14 |
Foco
⚔️ 24.1% · 🌾 75.9%
Cavalry Archer ×14 · Fishing Ship ×10 · Unknown (2626) ×2
Mapa de la partida
Recursos iniciales + cada clic de construcción. Líneas = muros · curvas = relieve. ◆ oro · ⬟ piedra · ● bayas · ✦ reliquia · ◌ hueco del cierre
Tu base· Abierta — flanco sin cerrar
Base de FutureEwe5582· Abierta — hueco de 3t
Base de [BÜN] Mr. Grüezi· Abierta — hueco de 7t
Base de DS_Moai· Abierta — hueco de 15t
Base de omochimaru_Youtube· Abierta — flanco sin cerrar
Base de Cono | Joe Strummer· Abierta — hueco de 4t
Base de 十大地方· Abierta — hueco de 6t
Base de Cono | Watters· Abierta — hueco de 15t
Terreno inicial suavizado · ◌ = hueco del cierre detectado · pasá el cursor para detalles
Inputs por minuto
— Nili Tapia - - FutureEwe5582
Build order — Nili Tapia
113 acciones detectadas en el replay
| 0:56 | Construir | Town Center |
| 1:11 | Construir | Dock |
| 3:14 | Encolar | Villager (Male) |
| 3:14 | Encolar | Villager (Male) |
| 3:15 | Encolar | Villager (Male) |
| 3:15 | Encolar | Villager (Male) |
| 3:15 | Encolar | Villager (Male) |
| 3:45 | Encolar | Villager (Male) |
| 3:45 | Encolar | Villager (Male) |
| 4:15 | Encolar | Fishing Ship |
| 5:03 | Construir | House |
| 5:17 | Encolar | Villager (Male) |
| 5:17 | Encolar | Villager (Male) |
| 5:39 | Encolar | Fishing Ship |
| 5:40 | Encolar | Fishing Ship |
| 5:46 | Encolar | Villager (Male) |
| 5:46 | Encolar | Villager (Male) |
| 5:47 | Encolar | Villager (Male) |
| 6:18 | Encolar | Villager (Male) |
| 6:22 | Encolar | Fishing Ship |
| 6:22 | Encolar | Fishing Ship |
| 6:22 | Encolar | Fishing Ship |
| 6:28 | Construir | House |
| 6:49 | Encolar | Villager (Male) |
| 7:01 | Encolar | Fishing Ship |
| 7:19 | Encolar | Villager (Male) |
| 7:20 | Encolar | Villager (Male) |
| 7:36 | Encolar | Villager (Male) |
| 7:36 | Encolar | Villager (Male) |
| 7:50 | Encolar | Fishing Ship |
| 7:52 | Construir | Palisade Wall |
| 7:57 | Construir | Palisade Wall |
| 8:03 | Encolar | Villager (Male) |
| 8:05 | Construir | House |
| 8:11 | Investigar | Loom |
| 8:19 | Construir | House |
| 8:34 | Encolar | Villager (Male) |
| 8:34 | Encolar | Villager (Male) |
| 8:37 | Construir | House |
| 8:41 | Investigar | Loom |
| 8:53 | Encolar | Villager (Male) |
| 9:15 | Encolar | Villager (Male) |
| 9:30 | Encolar | Villager (Male) |
| 9:44 | Encolar | Villager (Male) |
| 9:54 | Construir | House |
| 10:11 | Encolar | Villager (Male) |
| 10:14 | Construir | Palisade Wall |
| 10:22 | Construir | Palisade Wall |
| 10:26 | Encolar | Villager (Male) |
| 10:28 | Construir | House |
| 10:33 | Construir | House |
| 11:08 | Encolar | Villager (Male) |
| 11:15 | Construir | Mining Camp |
| 12:14 | Construir | Palisade Wall |
| 12:26 | Encolar | Villager (Male) |
| 12:35 | Construir | Palisade Wall |
| 12:57 | Encolar | Villager (Male) |
| 13:10 | Investigar | Feudal Age |
| 13:44 | Construir | House |
| 14:18 | Construir | Dock |
| 14:56 | Encolar | Villager (Male) |
| 14:56 | Encolar | Villager (Male) |
| 15:04 | Construir | Lumber Camp |
| 15:23 | Construir | Mill |
| 15:32 | Edad | Edad Feudal |
| 15:36 | Construir | Blacksmith |
| 15:51 | Encolar | Galley |
| 15:51 | Encolar | Galley |
| 16:11 | Investigar | Gold Mining |
| 16:12 | Investigar | Double-Bit Axe |
| 16:16 | Construir | Market |
| 16:18 | Encolar | Villager (Male) |
| 16:36 | Encolar | Galley |
| 16:49 | Encolar | Galley |
| 17:05 | Investigar | Castle Age |
| 17:05 | Investigar | Castle Age |
| 17:51 | Encolar | Galley |
| 17:52 | Encolar | Galley |
| 17:57 | Encolar | Villager (Male) |
| 18:11 | Construir | House |
| 18:12 | Construir | House |
| 18:40 | Construir | House |
| 18:41 | Construir | House |
| 19:36 | Encolar | Villager (Male) |
| 19:37 | Investigar | Fletching |
| 19:45 | Edad | Edad de los Castillos |
| 19:47 | Construir | Town Center |
| 20:01 | Construir | Town Center |
| 20:04 | Investigar | Bow Saw |
| 20:07 | Investigar | War Galley (upgrade) |
| 20:25 | Construir | House |
| 20:27 | Construir | House |
| 20:30 | Construir | Palisade Wall |
| 20:36 | Construir | House |
| 20:43 | Construir | House |
| 20:47 | Encolar | Villager (Male) |
| 20:54 | Construir | House |
| 20:58 | Construir | House |
| 21:00 | Construir | House |
| 21:12 | Encolar | Villager (Male) |
| 21:20 | Construir | Monastery |
| 21:36 | Encolar | Villager (Male) |
| 21:41 | Construir | Monastery |
| 22:40 | Investigar | Bodkin Arrow |
| 22:44 | Encolar | Monk |
| 22:48 | Construir | Palisade Wall |
| 22:51 | Construir | House |
| 22:56 | Encolar | Villager (Male) |
| 22:56 | Encolar | Villager (Male) |
| 23:07 | Construir | Town Center |
| 23:13 | Construir | House |
| 23:29 | Encolar | Villager (Male) |
| 23:39 | Encolar | Villager (Male) |
Build order — FutureEwe5582
138 acciones detectadas en el replay
| 0:11 | Construir | Town Center |
| 0:57 | Construir | House |
| 1:00 | Construir | Dock |
| 2:33 | Encolar | Villager (Male) |
| 2:33 | Encolar | Villager (Male) |
| 2:40 | Encolar | Villager (Male) |
| 2:58 | Encolar | Villager (Male) |
| 3:37 | Investigar | Loom |
| 3:57 | Encolar | Villager (Male) |
| 4:06 | Encolar | Fishing Ship |
| 4:24 | Construir | House |
| 5:04 | Construir | Palisade Wall |
| 5:06 | Construir | Palisade Wall |
| 5:07 | Construir | Palisade Wall |
| 5:15 | Encolar | Villager (Male) |
| 5:26 | Construir | Palisade Wall |
| 5:32 | Encolar | Fishing Ship |
| 5:53 | Encolar | Villager (Male) |
| 6:02 | Encolar | Fishing Ship |
| 6:06 | Construir | House |
| 6:27 | Encolar | Villager (Male) |
| 6:54 | Encolar | Villager (Male) |
| 6:58 | Encolar | Fishing Ship |
| 7:13 | Encolar | Villager (Male) |
| 7:22 | Construir | House |
| 7:31 | Encolar | Fishing Ship |
| 7:39 | Encolar | Villager (Male) |
| 7:55 | Encolar | Fishing Ship |
| 8:20 | Encolar | Villager (Male) |
| 8:29 | Encolar | Villager (Male) |
| 8:53 | Construir | Mill |
| 9:09 | Encolar | Villager (Male) |
| 9:35 | Encolar | Villager (Male) |
| 9:50 | Encolar | Villager (Male) |
| 10:03 | Encolar | Villager (Male) |
| 11:12 | Investigar | Feudal Age |
| 11:42 | Construir | Mining Camp |
| 11:50 | Construir | House |
| 13:04 | Encolar | Villager (Male) |
| 13:04 | Encolar | Villager (Male) |
| 13:24 | Construir | Blacksmith |
| 13:27 | Construir | Market |
| 13:59 | Construir | House |
| 14:02 | Construir | House |
| 14:19 | Investigar | Castle Age |
| 14:26 | Construir | Barracks |
| 14:46 | Construir | Lumber Camp |
| 14:57 | Construir | House |
| 15:25 | Encolar | Galley |
| 15:31 | Encolar | Villager (Male) |
| 15:39 | Investigar | Fletching |
| 15:56 | Investigar | Double-Bit Axe |
| 17:01 | Encolar | Villager (Male) |
| 17:17 | Encolar | Villager (Male) |
| 17:24 | Construir | Town Center |
| 17:51 | Investigar | Bow Saw |
| 17:51 | Investigar | Bow Saw |
| 18:07 | Encolar | Villager (Male) |
| 18:21 | Encolar | Villager (Male) |
| 18:24 | Investigar | Bodkin Arrow |
| 18:25 | Investigar | Bodkin Arrow |
| 18:51 | Encolar | Galley |
| 18:54 | Encolar | Villager (Male) |
| 19:06 | Encolar | Villager (Male) |
| 19:08 | Encolar | Galley |
| 19:33 | Construir | House |
| 19:35 | Construir | House |
| 19:36 | Construir | House |
| 19:45 | Encolar | Villager (Male) |
| 20:22 | Encolar | Villager (Male) |
| 20:23 | Encolar | Villager (Male) |
| 20:48 | Construir | Archery Range |
| 20:50 | Construir | Archery Range |
| 20:51 | Encolar | Villager (Male) |
| 21:02 | Construir | Farm |
| 21:13 | Construir | Dock |
| 21:17 | Encolar | Villager (Male) |
| 21:23 | Encolar | Villager (Male) |
| 21:29 | Investigar | Gold Mining |
| 21:34 | Investigar | Padded Archer Armor |
| 21:46 | Encolar | Villager (Male) |
| 21:53 | Construir | House |
| 21:54 | Construir | House |
| 21:55 | Construir | House |
| 22:05 | Investigar | Crossbowman (upgrade) |
| 22:06 | Encolar | Villager (Male) |
| 22:08 | Encolar | Villager (Male) |
| 22:18 | Construir | House |
| 22:20 | Construir | House |
| 22:21 | Encolar | Archer |
| 22:26 | Encolar | Archer |
| 22:33 | Encolar | Archer |
| 22:34 | Encolar | Archer |
| 22:35 | Encolar | Villager (Male) |
| 22:38 | Construir | Archery Range |
| 22:45 | Encolar | Archer |
| 22:46 | Encolar | Villager (Male) |
| 22:54 | Construir | Monastery |
| 22:58 | Encolar | Villager (Male) |
| 23:07 | Encolar | Archer |
| 23:07 | Encolar | Villager (Male) |
| 23:19 | Encolar | Archer |
| 23:19 | Encolar | Archer |
| 23:21 | Encolar | Villager (Male) |
| 23:21 | Encolar | Villager (Male) |
| 23:30 | Encolar | Archer |
| 23:31 | Encolar | Villager (Male) |
| 23:41 | Encolar | Archer |
| 23:42 | Encolar | Archer |
| 23:43 | Encolar | Archer |
| 23:44 | Encolar | Villager (Male) |
| 23:45 | Encolar | Archer |
| 23:52 | Construir | Farm |
| 23:54 | Construir | Farm |
| 23:55 | Construir | Farm |
| 23:58 | Encolar | Monk |
| 24:07 | Construir | Outpost |
| 24:09 | Construir | Outpost |
| 24:11 | Construir | Outpost |
| 24:14 | Construir | Outpost |
| 24:21 | Construir | Farm |
| 24:24 | Construir | Farm |
| 24:25 | Encolar | Villager (Male) |
| 24:28 | Construir | House |
| 24:29 | Construir | House |
| 24:29 | Construir | House |
| 24:32 | Encolar | Archer |
| 24:34 | Encolar | Villager (Male) |
| 24:35 | Encolar | Archer |
| 24:37 | Construir | Farm |
| 24:41 | Construir | Farm |
| 24:42 | Construir | Farm |
| 24:42 | Construir | Farm |
| 24:43 | Construir | Farm |
| 24:44 | Construir | Farm |
| 24:45 | Construir | Farm |
| 24:50 | Construir | Lumber Camp |
| 24:54 | Encolar | Archer |
Build order — [BÜN] Mr. Grüezi
Primeras 150 de 168 acciones detectadas
| 0:30 | Construir | Town Center |
| 1:08 | Construir | Dock |
| 1:10 | Construir | House |
| 3:08 | Encolar | Villager (Male) ×4 |
| 4:17 | Encolar | Fishing Ship |
| 4:18 | Encolar | Villager (Male) |
| 4:19 | Encolar | Villager (Male) |
| 4:43 | Construir | House |
| 5:14 | Encolar | Villager (Male) |
| 5:14 | Encolar | Villager (Male) |
| 5:37 | Encolar | Villager (Male) |
| 5:37 | Encolar | Villager (Male) |
| 5:51 | Encolar | Fishing Ship |
| 6:06 | Encolar | Villager (Male) |
| 6:06 | Encolar | Villager (Male) |
| 6:29 | Encolar | Villager (Male) |
| 6:29 | Encolar | Villager (Male) |
| 6:30 | Encolar | Fishing Ship |
| 6:35 | Construir | House |
| 6:54 | Encolar | Villager (Male) |
| 6:54 | Encolar | Villager (Male) |
| 7:14 | Encolar | Villager (Male) |
| 7:15 | Encolar | Villager (Male) |
| 7:18 | Encolar | Fishing Ship |
| 7:45 | Encolar | Villager (Male) |
| 7:46 | Construir | House |
| 7:54 | Encolar | Fishing Ship |
| 8:02 | Encolar | Villager (Male) |
| 8:25 | Encolar | Villager (Male) |
| 8:29 | Construir | Dock |
| 8:38 | Encolar | Fishing Ship |
| 8:48 | Encolar | Villager (Male) |
| 8:55 | Construir | House |
| 8:59 | Construir | House |
| 9:15 | Encolar | Fishing Ship |
| 9:26 | Encolar | Villager (Male) |
| 9:38 | Encolar | Fishing Ship |
| 9:42 | Construir | House |
| 9:45 | Encolar | Fishing Ship |
| 9:48 | Encolar | Villager (Male) |
| 10:04 | Encolar | Villager (Male) |
| 10:05 | Encolar | Fishing Ship |
| 10:19 | Construir | House |
| 10:21 | Encolar | Fishing Ship |
| 10:31 | Encolar | Fishing Ship |
| 10:33 | Encolar | Villager (Male) |
| 10:51 | Construir | House |
| 11:01 | Encolar | Villager (Male) |
| 11:02 | Encolar | Fishing Ship |
| 11:16 | Encolar | Fishing Ship |
| 11:21 | Construir | Mining Camp |
| 11:23 | Encolar | Villager (Male) |
| 11:32 | Encolar | Villager (Male) |
| 11:43 | Encolar | Fishing Ship |
| 11:55 | Encolar | Fishing Ship |
| 12:10 | Encolar | Villager (Male) |
| 12:30 | Construir | Mill |
| 12:38 | Encolar | Fishing Ship |
| 12:44 | Encolar | Villager (Male) |
| 12:46 | Encolar | Fishing Ship |
| 12:46 | Encolar | Fishing Ship |
| 13:09 | Encolar | Villager (Male) |
| 13:10 | Encolar | Fishing Ship |
| 13:10 | Encolar | Fishing Ship |
| 13:20 | Construir | Dock |
| 13:30 | Construir | House |
| 13:31 | Construir | House |
| 13:39 | Investigar | Feudal Age |
| 14:19 | Encolar | Fishing Ship |
| 14:28 | Encolar | Fishing Ship |
| 14:28 | Encolar | Fishing Ship |
| 14:30 | Encolar | Fishing Ship |
| 15:17 | Encolar | Villager (Male) |
| 15:17 | Encolar | Villager (Male) |
| 15:49 | Edad | Edad Feudal |
| 15:50 | Construir | Market |
| 15:53 | Construir | Blacksmith |
| 16:00 | Construir | Lumber Camp |
| 16:06 | Investigar | Tech 906 |
| 16:11 | Investigar | Gold Mining |
| 16:18 | Investigar | Double-Bit Axe |
| 16:32 | Investigar | Castle Age |
| 16:33 | Investigar | Castle Age |
| 16:52 | Construir | Barracks |
| 16:59 | Investigar | Scale Mail Armor |
| 16:59 | Investigar | Forging |
| 17:17 | Construir | Barracks |
| 17:26 | Construir | House |
| 17:29 | Construir | House |
| 17:43 | Investigar | Man-at-Arms (upgrade) |
| 17:55 | Construir | Barracks |
| 18:05 | Encolar | Militia |
| 18:15 | Construir | House |
| 18:16 | Construir | House |
| 18:21 | Encolar | Militia |
| 18:23 | Encolar | Militia |
| 18:33 | Encolar | Militia |
| 18:44 | Encolar | Militia |
| 18:51 | Encolar | Militia |
| 18:52 | Encolar | Militia |
| 18:54 | Construir | House |
| 18:55 | Construir | House |
| 19:01 | Encolar | Militia |
| 19:03 | Encolar | Militia |
| 19:14 | Encolar | Militia |
| 19:16 | Encolar | Militia |
| 19:19 | Edad | Edad de los Castillos |
| 19:20 | Encolar | Villager (Male) |
| 19:22 | Investigar | Long Swordsman (upgrade) |
| 19:23 | Investigar | Squires |
| 19:25 | Encolar | Villager (Male) |
| 19:29 | Investigar | Chain Mail Armor |
| 19:31 | Encolar | Militia |
| 19:31 | Encolar | Militia |
| 19:40 | Encolar | Militia |
| 19:40 | Encolar | Militia |
| 19:47 | Investigar | Bow Saw |
| 20:03 | Encolar | Militia |
| 20:04 | Encolar | Villager (Male) |
| 20:12 | Encolar | Villager (Male) |
| 20:14 | Encolar | Militia |
| 20:14 | Encolar | Militia |
| 20:16 | Encolar | Militia |
| 20:19 | Encolar | Militia |
| 20:23 | Encolar | Militia |
| 20:28 | Encolar | Militia |
| 20:34 | Encolar | Villager (Male) |
| 20:35 | Construir | House |
| 20:36 | Construir | House |
| 20:37 | Construir | House |
| 20:37 | Construir | House |
| 20:45 | Construir | Dock |
| 20:52 | Investigar | Gillnets |
| 21:04 | Encolar | Militia ×5 |
| 21:15 | Encolar | Villager (Male) |
| 21:22 | Investigar | War Galley (upgrade) |
| 21:30 | Encolar | Fire Galley ×3 |
| 21:33 | Encolar | Villager (Male) |
| 21:33 | Encolar | Villager (Male) |
| 22:20 | Encolar | Fire Galley ×2 |
| 22:23 | Encolar | Militia |
| 22:33 | Investigar | Wheelbarrow |
| 22:45 | Encolar | Militia ×3 |
| 23:07 | Construir | House |
| 23:07 | Construir | House |
| 23:08 | Construir | House |
| 23:08 | Construir | House |
| 23:08 | Construir | House |
| 23:10 | Encolar | Militia ×4 |
| 23:33 | Encolar | Villager (Male) |
Build order — DS_Moai
107 acciones detectadas en el replay
| 0:26 | Construir | Town Center |
| 1:16 | Construir | Dock |
| 2:41 | Encolar | Villager (Male) |
| 2:41 | Encolar | Villager (Male) |
| 2:42 | Encolar | Villager (Male) |
| 2:42 | Encolar | Villager (Male) |
| 2:42 | Encolar | Villager (Male) |
| 3:20 | Encolar | Fishing Ship |
| 4:00 | Construir | House |
| 4:15 | Construir | House |
| 4:18 | Encolar | Villager (Male) |
| 4:48 | Encolar | Villager (Male) |
| 5:08 | Encolar | Fishing Ship |
| 5:18 | Encolar | Villager (Male) |
| 5:42 | Encolar | Villager (Male) |
| 5:42 | Encolar | Villager (Male) |
| 5:56 | Construir | House |
| 6:08 | Encolar | Villager (Male) |
| 6:19 | Encolar | Fishing Ship |
| 6:32 | Encolar | Villager (Male) |
| 6:50 | Encolar | Villager (Male) |
| 6:56 | Encolar | Fishing Ship |
| 7:23 | Encolar | Villager (Male) |
| 7:28 | Construir | House |
| 7:42 | Encolar | Villager (Male) |
| 7:48 | Encolar | Fishing Ship |
| 8:11 | Encolar | Villager (Male) |
| 8:32 | Construir | Mining Camp |
| 8:35 | Investigar | Loom |
| 9:14 | Construir | Mill |
| 10:08 | Construir | Outpost |
| 10:13 | Investigar | Feudal Age |
| 10:26 | Construir | Lumber Camp |
| 10:34 | Encolar | Fishing Ship |
| 11:16 | Construir | Outpost |
| 11:41 | Construir | House |
| 12:05 | Construir | Outpost |
| 12:23 | Encolar | Villager (Male) |
| 12:23 | Edad | Edad Feudal |
| 12:26 | Investigar | Double-Bit Axe |
| 12:34 | Construir | Dock |
| 12:41 | Encolar | Villager (Male) |
| 12:52 | Construir | Mining Camp |
| 13:03 | Encolar | Villager (Male) |
| 13:17 | Construir | Donjon |
| 13:27 | Encolar | Villager (Male) |
| 13:56 | Construir | House |
| 13:58 | Encolar | Villager (Male) |
| 14:17 | Encolar | Serjeant |
| 14:23 | Construir | Donjon |
| 14:24 | Encolar | Villager (Male) |
| 14:42 | Encolar | Serjeant |
| 14:44 | Encolar | Villager (Male) |
| 15:00 | Encolar | Serjeant |
| 15:11 | Encolar | Villager (Male) |
| 15:22 | Encolar | Serjeant |
| 15:41 | Encolar | Villager (Male) |
| 15:54 | Construir | Blacksmith |
| 15:56 | Encolar | Villager (Male) |
| 16:06 | Encolar | Fishing Ship |
| 16:07 | Encolar | Fishing Ship |
| 16:07 | Encolar | Fishing Ship |
| 16:25 | Encolar | Serjeant |
| 16:26 | Encolar | Serjeant |
| 16:37 | Encolar | Villager (Male) |
| 16:43 | Construir | House |
| 16:48 | Construir | Donjon |
| 16:51 | Investigar | Fletching |
| 16:55 | Encolar | Serjeant |
| 16:56 | Encolar | Serjeant |
| 17:07 | Construir | Outpost |
| 17:30 | Encolar | Villager (Male) |
| 17:31 | Encolar | Fishing Ship |
| 17:31 | Encolar | Fishing Ship |
| 17:32 | Construir | House |
| 17:46 | Encolar | Fishing Ship |
| 18:04 | Investigar | Scale Mail Armor |
| 18:05 | Encolar | Villager (Male) |
| 18:08 | Construir | House |
| 18:29 | Construir | Donjon |
| 18:34 | Encolar | Villager (Male) |
| 18:39 | Encolar | Fishing Ship |
| 18:50 | Encolar | Serjeant |
| 18:50 | Encolar | Serjeant |
| 19:01 | Encolar | Villager (Male) |
| 19:20 | Construir | Mill |
| 19:40 | Encolar | Villager (Male) |
| 19:44 | Encolar | Fishing Ship |
| 19:45 | Investigar | Tech 906 |
| 20:05 | Encolar | Serjeant |
| 20:05 | Encolar | Serjeant |
| 20:11 | Encolar | Villager (Male) |
| 20:31 | Encolar | Villager (Male) |
| 20:33 | Encolar | Fishing Ship |
| 20:34 | Encolar | Fishing Ship |
| 20:58 | Encolar | Villager (Male) |
| 21:03 | Construir | Market |
| 21:20 | Encolar | Villager (Male) |
| 21:30 | Encolar | Villager (Male) |
| 21:34 | Construir | House |
| 21:45 | Encolar | Villager (Male) |
| 22:02 | Construir | Mill |
| 22:29 | Investigar | Castle Age |
| 22:40 | Construir | Donjon |
| 22:51 | Encolar | Villager (Male) |
| 24:21 | Construir | Dock |
| 24:48 | Construir | Barracks |
Build order — omochimaru_Youtube
122 acciones detectadas en el replay
| 0:06 | Construir | Town Center |
| 0:41 | Construir | Dock |
| 0:47 | Construir | House |
| 2:33 | Encolar | Villager (Male) |
| 2:33 | Encolar | Villager (Male) |
| 2:34 | Encolar | Villager (Male) |
| 2:34 | Encolar | Villager (Male) |
| 3:10 | Investigar | Loom |
| 3:11 | Encolar | Villager (Male) |
| 3:11 | Encolar | Villager (Male) |
| 3:12 | Encolar | Villager (Male) |
| 3:43 | Encolar | Villager (Male) |
| 3:48 | Encolar | Fishing Ship |
| 4:19 | Construir | House |
| 5:09 | Encolar | Villager (Male) |
| 5:29 | Encolar | Fishing Ship |
| 5:36 | Encolar | Villager (Male) |
| 6:00 | Encolar | Villager (Male) |
| 6:00 | Encolar | Villager (Male) |
| 6:12 | Encolar | Villager (Male) |
| 6:12 | Encolar | Villager (Male) |
| 6:18 | Construir | House |
| 6:20 | Construir | House |
| 6:52 | Encolar | Villager (Male) |
| 6:52 | Encolar | Villager (Male) |
| 6:53 | Encolar | Villager (Male) |
| 6:57 | Encolar | Villager (Male) |
| 7:07 | Encolar | Fishing Ship |
| 7:31 | Encolar | Villager (Male) |
| 7:35 | Encolar | Villager (Male) |
| 7:35 | Encolar | Villager (Male) |
| 7:43 | Encolar | Villager (Male) |
| 8:17 | Encolar | Villager (Male) |
| 8:17 | Encolar | Villager (Male) |
| 8:27 | Construir | Mill |
| 8:27 | Encolar | Villager (Male) |
| 8:28 | Encolar | Villager (Male) |
| 8:28 | Encolar | Villager (Male) |
| 8:28 | Encolar | Villager (Male) |
| 8:50 | Encolar | Villager (Male) |
| 8:50 | Encolar | Villager (Male) |
| 9:00 | Construir | House |
| 9:06 | Encolar | Villager (Male) |
| 9:07 | Encolar | Villager (Male) |
| 9:09 | Encolar | Fishing Ship |
| 9:23 | Encolar | Villager (Male) |
| 9:23 | Encolar | Villager (Male) |
| 10:10 | Encolar | Villager (Male) |
| 10:10 | Encolar | Villager (Male) |
| 10:28 | Encolar | Villager (Male) |
| 10:29 | Encolar | Villager (Male) |
| 10:40 | Encolar | Villager (Male) |
| 11:02 | Investigar | Feudal Age |
| 11:02 | Investigar | Feudal Age |
| 11:16 | Construir | Mining Camp |
| 11:37 | Construir | Barracks |
| 12:04 | Encolar | Fishing Ship |
| 12:06 | Construir | House |
| 12:07 | Construir | House |
| 13:12 | Edad | Edad Feudal |
| 13:17 | Construir | Archery Range |
| 13:23 | Construir | Archery Range |
| 13:27 | Encolar | Villager (Male) |
| 13:45 | Construir | Lumber Camp |
| 13:49 | Investigar | Wheelbarrow |
| 13:51 | Encolar | Villager (Male) |
| 14:06 | Encolar | Archer |
| 14:06 | Encolar | Archer |
| 14:30 | Encolar | Archer |
| 14:30 | Encolar | Archer |
| 14:31 | Encolar | Villager (Male) |
| 14:37 | Investigar | Gold Mining |
| 14:52 | Encolar | Archer |
| 15:13 | Construir | Blacksmith |
| 15:38 | Construir | Watch Tower |
| 15:59 | Investigar | Fletching |
| 16:06 | Encolar | Archer ×4 |
| 16:07 | Encolar | Archer ×4 |
| 16:08 | Encolar | Villager (Male) |
| 16:31 | Investigar | Padded Archer Armor |
| 16:35 | Investigar | Double-Bit Axe |
| 16:40 | Encolar | Villager (Male) |
| 16:49 | Encolar | Archer ×2 |
| 16:49 | Encolar | Archer ×2 |
| 16:58 | Construir | House |
| 17:27 | Encolar | Archer |
| 17:28 | Encolar | Archer |
| 17:37 | Construir | Market |
| 17:40 | Construir | House |
| 17:50 | Encolar | Villager (Male) |
| 18:28 | Encolar | Villager (Male) |
| 19:07 | Encolar | Villager (Male) |
| 19:16 | Encolar | Archer ×3 |
| 19:16 | Encolar | Archer ×3 |
| 19:27 | Construir | Lumber Camp |
| 19:37 | Construir | Mining Camp |
| 19:48 | Construir | Mining Camp |
| 20:23 | Encolar | Villager (Male) |
| 20:54 | Encolar | Archer |
| 21:01 | Construir | Mining Camp |
| 21:07 | Encolar | Archer |
| 21:07 | Encolar | Archer |
| 21:35 | Encolar | Archer ×2 |
| 21:36 | Encolar | Archer ×2 |
| 22:18 | Encolar | Villager (Male) |
| 22:51 | Encolar | Archer |
| 22:55 | Construir | Archery Range |
| 22:58 | Construir | Mining Camp |
| 23:29 | Encolar | Archer ×5 |
| 23:29 | Encolar | Archer ×5 |
| 23:29 | Encolar | Archer ×5 |
| 23:30 | Encolar | Villager (Male) |
| 23:30 | Encolar | Villager (Male) |
| 24:11 | Encolar | Archer ×5 |
| 24:35 | Encolar | Villager (Male) |
| 24:35 | Encolar | Villager (Male) |
| 24:38 | Construir | Farm |
| 24:40 | Construir | Farm |
| 24:43 | Construir | Farm |
| 25:03 | Encolar | Villager (Male) |
| 25:03 | Encolar | Villager (Male) |
| 25:04 | Encolar | Villager (Male) |
Build order — Cono | Joe Strummer
88 acciones detectadas en el replay
| 0:12 | Construir | Town Center |
| 0:53 | Construir | Dock |
| 2:49 | Encolar | Villager (Male) ×4 |
| 2:50 | Encolar | Villager (Male) ×4 |
| 3:31 | Encolar | Villager (Male) |
| 3:31 | Encolar | Villager (Male) |
| 3:40 | Encolar | Fishing Ship |
| 4:18 | Construir | House |
| 4:57 | Encolar | Villager (Male) |
| 4:58 | Encolar | Villager (Male) |
| 5:35 | Encolar | Villager (Male) |
| 5:35 | Encolar | Villager (Male) |
| 5:37 | Encolar | Fishing Ship |
| 5:59 | Encolar | Villager (Male) |
| 6:13 | Construir | House |
| 6:23 | Encolar | Villager (Male) |
| 6:54 | Construir | House |
| 7:11 | Encolar | Villager (Male) |
| 7:14 | Construir | House |
| 7:20 | Encolar | Fishing Ship |
| 7:25 | Encolar | Villager (Male) |
| 7:51 | Encolar | Villager (Male) |
| 7:53 | Encolar | Fishing Ship |
| 8:21 | Encolar | Villager (Male) |
| 8:53 | Encolar | Fishing Ship |
| 9:00 | Investigar | Loom |
| 9:23 | Encolar | Villager (Male) |
| 9:49 | Encolar | Villager (Male) |
| 10:09 | Encolar | Villager (Male) |
| 10:44 | Encolar | Villager (Male) |
| 10:45 | Encolar | Villager (Male) |
| 10:45 | Encolar | Villager (Male) |
| 10:47 | Encolar | Fishing Ship |
| 11:06 | Encolar | Villager (Male) |
| 11:13 | Construir | Mill |
| 11:21 | Encolar | Villager (Male) |
| 12:10 | Encolar | Villager (Male) |
| 12:25 | Construir | House |
| 12:42 | Encolar | Villager (Male) |
| 12:48 | Construir | Palisade Wall |
| 12:54 | Construir | Palisade Wall |
| 13:01 | Construir | Mining Camp |
| 13:05 | Encolar | Villager (Male) |
| 13:49 | Construir | House |
| 13:51 | Construir | Palisade Wall |
| 13:57 | Investigar | Feudal Age |
| 14:40 | Construir | Palisade Wall |
| 15:39 | Construir | House |
| 15:45 | Construir | House |
| 16:01 | Encolar | Villager (Male) |
| 16:07 | Edad | Edad Feudal |
| 16:13 | Encolar | Villager (Male) |
| 16:52 | Encolar | Unit 2626 |
| 16:57 | Encolar | Villager (Male) |
| 17:17 | Construir | Watch Tower |
| 17:21 | Encolar | Villager (Male) |
| 17:24 | Encolar | Villager (Male) |
| 17:30 | Encolar | Villager (Male) |
| 17:44 | Construir | Mining Camp |
| 18:08 | Encolar | Villager (Male) |
| 18:47 | Encolar | Villager (Male) |
| 18:49 | Construir | Lumber Camp |
| 19:15 | Encolar | Villager (Male) |
| 19:22 | Construir | Watch Tower |
| 19:35 | Encolar | Villager (Male) |
| 20:00 | Construir | House |
| 20:25 | Encolar | Villager (Male) |
| 20:25 | Encolar | Villager (Male) |
| 20:37 | Construir | House |
| 20:45 | Construir | Watch Tower |
| 21:00 | Investigar | Double-Bit Axe |
| 21:16 | Encolar | Villager (Male) |
| 21:34 | Construir | Market |
| 21:44 | Encolar | Villager (Male) |
| 23:24 | Construir | Blacksmith |
| 23:26 | Encolar | Villager (Male) |
| 23:50 | Encolar | Villager (Male) |
| 23:56 | Investigar | Castle Age |
| 23:56 | Investigar | Castle Age |
| 24:01 | Construir | Farm |
| 24:02 | Construir | Farm |
| 24:04 | Construir | Farm |
| 24:07 | Construir | Farm |
| 24:36 | Construir | Stone Wall |
| 24:44 | Construir | Stone Wall |
| 24:45 | Construir | Stone Wall |
| 24:58 | Construir | Stone Wall |
| 24:59 | Construir | Stone Wall |
Build order — 十大地方
139 acciones detectadas en el replay
| 0:36 | Construir | Town Center |
| 2:27 | Construir | House |
| 2:56 | Encolar | Villager (Male) |
| 2:56 | Encolar | Villager (Male) |
| 2:57 | Encolar | Villager (Male) |
| 3:00 | Encolar | Villager (Male) |
| 3:00 | Encolar | Villager (Male) |
| 3:34 | Construir | House |
| 3:52 | Construir | House |
| 4:18 | Construir | House |
| 4:32 | Construir | House |
| 4:36 | Encolar | Villager (Male) |
| 4:37 | Encolar | Villager (Male) |
| 4:45 | Encolar | Villager (Male) |
| 4:45 | Encolar | Villager (Male) |
| 5:00 | Construir | House |
| 5:15 | Encolar | Villager (Male) |
| 5:16 | Encolar | Villager (Male) |
| 5:36 | Encolar | Villager (Male) |
| 5:58 | Encolar | Villager (Male) |
| 5:58 | Encolar | Villager (Male) |
| 6:19 | Construir | House |
| 6:29 | Encolar | Villager (Male) |
| 6:29 | Encolar | Villager (Male) |
| 6:29 | Encolar | Villager (Male) |
| 6:38 | Construir | House |
| 6:45 | Construir | House |
| 6:51 | Encolar | Villager (Male) |
| 7:16 | Encolar | Villager (Male) |
| 7:16 | Encolar | Villager (Male) |
| 7:41 | Encolar | Villager (Male) |
| 7:41 | Encolar | Villager (Male) |
| 7:41 | Encolar | Villager (Male) |
| 8:00 | Encolar | Villager (Male) |
| 8:26 | Construir | House |
| 8:37 | Construir | House |
| 8:46 | Encolar | Villager (Male) |
| 9:01 | Construir | House |
| 9:08 | Encolar | Villager (Male) |
| 9:16 | Construir | House |
| 9:24 | Encolar | Villager (Male) |
| 9:24 | Encolar | Villager (Male) |
| 9:24 | Encolar | Villager (Male) |
| 9:25 | Encolar | Villager (Male) |
| 9:55 | Encolar | Villager (Male) |
| 9:56 | Encolar | Villager (Male) |
| 9:56 | Encolar | Villager (Male) |
| 10:07 | Construir | House |
| 10:13 | Construir | Lumber Camp |
| 10:26 | Investigar | Loom |
| 10:48 | Construir | Mining Camp |
| 10:57 | Encolar | Villager (Male) |
| 11:04 | Encolar | Villager (Male) |
| 11:49 | Construir | House |
| 11:50 | Construir | Palisade Wall |
| 11:52 | Investigar | Feudal Age |
| 12:25 | Construir | Barracks |
| 12:27 | Encolar | Villager (Male) |
| 12:51 | Construir | House |
| 13:23 | Construir | House |
| 13:58 | Encolar | Villager (Male) |
| 14:01 | Edad | Edad Feudal |
| 14:03 | Construir | Archery Range |
| 14:12 | Construir | Blacksmith |
| 14:34 | Encolar | Villager (Male) |
| 14:46 | Construir | House |
| 14:53 | Encolar | Archer |
| 15:00 | Encolar | Archer |
| 15:18 | Encolar | Villager (Male) |
| 15:24 | Construir | House |
| 15:26 | Construir | Palisade Wall |
| 15:40 | Encolar | Villager (Male) |
| 15:41 | Encolar | Archer |
| 16:08 | Encolar | Archer |
| 16:14 | Investigar | Castle Age |
| 16:15 | Investigar | Castle Age |
| 16:32 | Construir | Mill |
| 16:41 | Encolar | Archer |
| 17:03 | Investigar | Fletching |
| 17:12 | Encolar | Archer |
| 17:40 | Investigar | Horse Collar |
| 17:45 | Construir | Farm |
| 17:45 | Construir | Farm |
| 17:45 | Construir | Farm |
| 17:46 | Construir | Farm |
| 17:46 | Construir | Farm |
| 17:46 | Encolar | Villager (Male) |
| 17:50 | Encolar | Archer |
| 17:59 | Investigar | Double-Bit Axe |
| 18:23 | Construir | Farm |
| 18:47 | Construir | Farm |
| 18:49 | Encolar | Villager (Male) |
| 18:54 | Edad | Edad de los Castillos |
| 19:15 | Encolar | Villager (Male) |
| 19:18 | Construir | Archery Range |
| 19:27 | Encolar | Cavalry Archer |
| 19:28 | Encolar | Cavalry Archer |
| 19:31 | Encolar | Villager (Male) |
| 19:49 | Encolar | Villager (Male) |
| 20:31 | Investigar | Bodkin Arrow |
| 20:31 | Investigar | Bodkin Arrow |
| 20:34 | Encolar | Villager (Male) |
| 20:43 | Encolar | Villager (Male) |
| 20:45 | Construir | Archery Range |
| 20:56 | Encolar | Cavalry Archer |
| 21:03 | Encolar | Villager (Male) |
| 21:06 | Construir | Farm |
| 21:12 | Encolar | Villager (Male) |
| 21:28 | Investigar | Gold Mining |
| 21:41 | Encolar | Cavalry Archer |
| 21:41 | Encolar | Cavalry Archer |
| 21:59 | Encolar | Cavalry Archer |
| 21:59 | Encolar | Villager (Male) |
| 22:00 | Encolar | Villager (Male) |
| 22:04 | Construir | House |
| 22:07 | Construir | House |
| 22:18 | Investigar | Wheelbarrow |
| 22:18 | Investigar | Wheelbarrow |
| 22:23 | Encolar | Cavalry Archer |
| 22:31 | Construir | Farm |
| 22:52 | Encolar | Villager (Male) |
| 23:00 | Encolar | Cavalry Archer |
| 23:02 | Encolar | Villager (Male) |
| 23:21 | Encolar | Cavalry Archer |
| 23:32 | Encolar | Villager (Male) |
| 23:32 | Encolar | Villager (Male) |
| 23:37 | Construir | Town Center |
| 23:41 | Encolar | Cavalry Archer |
| 24:00 | Encolar | Cavalry Archer |
| 24:14 | Encolar | Villager (Male) |
| 24:18 | Encolar | Villager (Male) |
| 24:33 | Encolar | Cavalry Archer |
| 24:37 | Encolar | Cavalry Archer |
| 24:42 | Encolar | Villager (Male) |
| 24:55 | Encolar | Villager (Male) |
| 25:03 | Encolar | Cavalry Archer |
| 25:03 | Encolar | Cavalry Archer |
| 25:07 | Construir | Stable |
| 25:09 | Encolar | Villager (Male) |
Build order — Cono | Watters
99 acciones detectadas en el replay
| 0:12 | Construir | Town Center |
| 1:46 | Construir | Dock |
| 2:35 | Encolar | Villager (Male) ×4 |
| 2:35 | Encolar | Villager (Male) ×4 |
| 3:54 | Construir | House |
| 4:00 | Encolar | Fishing Ship |
| 4:40 | Investigar | Loom |
| 4:42 | Encolar | Villager (Male) |
| 5:17 | Encolar | Fishing Ship |
| 5:18 | Encolar | Fishing Ship |
| 5:30 | Encolar | Villager (Male) |
| 5:31 | Encolar | Villager (Male) |
| 5:49 | Encolar | Villager (Male) |
| 5:49 | Encolar | Villager (Male) |
| 5:49 | Encolar | Villager (Male) |
| 6:09 | Construir | House |
| 6:27 | Encolar | Fishing Ship |
| 6:27 | Encolar | Fishing Ship |
| 6:28 | Encolar | Fishing Ship |
| 6:41 | Encolar | Villager (Male) |
| 6:42 | Encolar | Villager (Male) |
| 7:03 | Encolar | Villager (Male) |
| 7:26 | Encolar | Fishing Ship |
| 7:26 | Encolar | Fishing Ship |
| 7:27 | Encolar | Fishing Ship |
| 7:42 | Construir | House |
| 8:13 | Encolar | Villager (Male) |
| 8:14 | Encolar | Villager (Male) |
| 8:20 | Encolar | Fishing Ship |
| 8:59 | Encolar | Villager (Male) |
| 9:16 | Construir | Mining Camp |
| 9:19 | Encolar | Villager (Male) |
| 9:37 | Encolar | Villager (Male) |
| 10:09 | Investigar | Feudal Age |
| 10:10 | Investigar | Feudal Age |
| 10:57 | Construir | Mill |
| 11:57 | Encolar | Villager (Male) |
| 11:57 | Encolar | Villager (Male) |
| 12:01 | Construir | House |
| 12:19 | Edad | Edad Feudal |
| 12:30 | Construir | Blacksmith |
| 12:35 | Construir | Market |
| 13:04 | Encolar | Villager (Male) |
| 13:33 | Encolar | Unit 2626 |
| 13:33 | Encolar | Unit 2626 |
| 13:35 | Encolar | Villager (Male) |
| 13:54 | Construir | House |
| 13:59 | Encolar | Villager (Male) |
| 14:26 | Encolar | Villager (Male) |
| 15:05 | Investigar | Castle Age |
| 15:12 | Construir | Barracks |
| 15:29 | Construir | Lumber Camp |
| 16:43 | Construir | Archery Range |
| 16:55 | Encolar | Villager (Male) |
| 16:59 | Investigar | Fletching |
| 17:09 | Investigar | Double-Bit Axe |
| 17:39 | Construir | Palisade Wall |
| 17:45 | Edad | Edad de los Castillos |
| 17:48 | Investigar | Bodkin Arrow |
| 17:52 | Encolar | Cavalry Archer |
| 17:58 | Construir | Archery Range |
| 18:00 | Encolar | Villager (Male) |
| 18:21 | Construir | House |
| 18:23 | Construir | House |
| 18:27 | Encolar | Cavalry Archer |
| 18:31 | Encolar | Villager (Male) |
| 18:51 | Encolar | Cavalry Archer |
| 18:53 | Encolar | Villager (Male) |
| 18:56 | Construir | House |
| 18:59 | Encolar | Cavalry Archer |
| 19:19 | Investigar | Gold Mining |
| 19:22 | Encolar | Villager (Male) |
| 19:29 | Encolar | Cavalry Archer |
| 19:29 | Encolar | Cavalry Archer |
| 19:43 | Construir | House |
| 19:58 | Construir | Stable |
| 20:01 | Encolar | Villager (Male) |
| 20:01 | Encolar | Villager (Male) |
| 20:24 | Encolar | Cavalry Archer |
| 20:24 | Encolar | Cavalry Archer |
| 20:36 | Investigar | Padded Archer Armor |
| 20:48 | Encolar | Villager (Male) |
| 21:27 | Encolar | Villager (Male) |
| 21:27 | Encolar | Villager (Male) |
| 22:22 | Encolar | Cavalry Archer |
| 22:22 | Encolar | Cavalry Archer |
| 22:37 | Encolar | Cavalry Archer |
| 23:17 | Construir | House |
| 23:17 | Encolar | Villager (Male) |
| 23:39 | Encolar | Villager (Male) |
| 23:40 | Encolar | Villager (Male) |
| 23:52 | Construir | Farm |
| 24:05 | Encolar | Villager (Male) |
| 24:18 | Construir | Palisade Wall |
| 24:23 | Construir | Palisade Wall |
| 24:44 | Encolar | Cavalry Archer |
| 24:44 | Encolar | Cavalry Archer |
| 24:58 | Encolar | Villager (Male) |
| 25:05 | Encolar | Cavalry Archer |
Cronología de la partida
| 0:41 | omochimaru_Youtube · first_building Dock |
| 0:53 | Cono | Joe Strummer · first_building Dock |
| 1:00 | FutureEwe5582 · first_building Dock |
| 1:08 | [BÜN] Mr. Grüezi · first_building Dock |
| 1:11 | Nili Tapia · first_building Dock |
| 1:16 | DS_Moai · first_building Dock |
| 1:46 | Cono | Watters · first_building Dock |
| 5:04 | FutureEwe5582 · wall_segment Palisade Wall x1 |
| 5:06 | FutureEwe5582 · wall_segment Palisade Wall x1 |
| 5:07 | FutureEwe5582 · wall_segment Palisade Wall x1 |
| 5:26 | FutureEwe5582 · wall_segment Palisade Wall x1 |
| 7:52 | Nili Tapia · wall_segment Palisade Wall x1 |
| 7:57 | Nili Tapia · wall_segment Palisade Wall x1 |
| 10:14 | Nili Tapia · wall_segment Palisade Wall x1 |
| 10:22 | Nili Tapia · wall_segment Palisade Wall x1 |
| 11:37 | omochimaru_Youtube · first_building Barracks |
| 11:50 | 十大地方 · wall_segment Palisade Wall x1 |
| 12:14 | Nili Tapia · wall_segment Palisade Wall x1 |
| 12:19 | Cono | Watters · age_up feudal |
| 12:23 | DS_Moai · age_up feudal |
| 12:25 | 十大地方 · first_building Barracks |
| 12:35 | Nili Tapia · wall_segment Palisade Wall x1 |
| 12:48 | Cono | Joe Strummer · wall_segment Palisade Wall x5 |
| 12:54 | Cono | Joe Strummer · wall_segment Palisade Wall x9 |
| 13:12 | omochimaru_Youtube · age_up feudal |
| 13:17 | omochimaru_Youtube · first_building Archery Range |
| 13:17 | DS_Moai · first_building Donjon |
| 13:51 | Cono | Joe Strummer · wall_segment Palisade Wall x1 |
| 14:01 | 十大地方 · age_up feudal |
| 14:03 | 十大地方 · first_building Archery Range |
| 14:26 | FutureEwe5582 · first_building Barracks |
| 14:40 | Cono | Joe Strummer · wall_segment Palisade Wall x9 |
| 14:58 | Cono | Watters · first_market_sell 100 wood |
| 14:59 | Cono | Watters · first_market_buy 100 food |
| 15:12 | Cono | Watters · first_building Barracks |
| 15:26 | 十大地方 · wall_segment Palisade Wall x1 |
| 15:32 | Nili Tapia · age_up feudal |
| 15:49 | [BÜN] Mr. Grüezi · age_up feudal |
| 16:07 | Cono | Joe Strummer · age_up feudal |
| 16:43 | Cono | Watters · first_building Archery Range |
| 16:52 | [BÜN] Mr. Grüezi · first_building Barracks |
| 17:39 | Cono | Watters · wall_segment Palisade Wall x1 |
| 17:45 | Cono | Watters · age_up castle |
| 17:55 | FutureEwe5582 · first_market_buy 100 food |
| 18:54 | 十大地方 · age_up castle |
| 19:19 | [BÜN] Mr. Grüezi · age_up castle |
| 19:45 | Nili Tapia · age_up castle |
| 19:58 | Cono | Watters · first_building Stable |
| 20:30 | Nili Tapia · wall_segment Palisade Wall x1 |
| 20:48 | FutureEwe5582 · first_building Archery Range |
| 21:20 | Nili Tapia · first_building Monastery |
| 22:21 | DS_Moai · first_market_buy 100 food |
| 22:36 | Cono | Joe Strummer · first_market_sell 100 wood |
| 22:38 | Cono | Joe Strummer · first_market_buy 100 food |
| 22:48 | Nili Tapia · wall_segment Palisade Wall x1 |
| 22:54 | FutureEwe5582 · first_building Monastery |
| 23:02 | Nili Tapia · first_market_buy 100 stone |
| 23:36 | [BÜN] Mr. Grüezi · first_market_sell 100 wood |
| 24:18 | Cono | Watters · wall_segment Palisade Wall x2 |
| 24:23 | Cono | Watters · wall_segment Palisade Wall x5 |
| 24:36 | Cono | Joe Strummer · wall_segment Stone Wall x6 |
| 24:44 | Cono | Joe Strummer · wall_segment Stone Wall x1 |
| 24:45 | Cono | Joe Strummer · wall_segment Stone Wall x1 |
| 24:48 | DS_Moai · first_building Barracks |
| 24:58 | Cono | Joe Strummer · wall_segment Stone Wall x1 |
| 24:59 | Cono | Joe Strummer · wall_segment Stone Wall x1 |
| 25:03 | omochimaru_Youtube · first_market_buy 100 food |
| 25:06 | Nili Tapia · resign |
| 25:07 | 十大地方 · first_building Stable |
[ ANÁLISIS IA · 1 CRÉDITO ]
¿Qué pasó realmente en esta partida?
Wolo.gg analiza cada decisión: build order, eco, micro, errores típicos por bracket. Análisis personalizado por WhatsApp o Discord en 30 segundos.
Guía civ
Drávidas
Perfil
Jugador #22614969